AoeStats
← alcalyx93

Arena

509718420Analyzed
1v1 RM · 5d ago on Sep 27, 2026· 49m 35s· 2 players
Game mode
Random Map
Map size
Tiny (2 player)
Population
200
Speed
Normal
Resources
Standard
Victory
Conquest
Starting age
Dark Age
Ending age
Imperial Age
RankedLock teamsTeams togetherTeam positionsShared explorationLock speedFull tech treeHidden civsTurbo modeCheats
Victory
Defeat
🇦🇷 Vikings · Argentina
894
+17
🇺🇸 Ethiopians · United States
926
-17
alcalyx93
11:27 Feudal Age
15:33 Castle Age
15:00 Horse Collar
15:06 Double-Bit Axe
22:38 Town Watch
25:50 Loom
30:26 Imperial Age
28:17 Heavy Plow
33:49 Conscription
34:12 Crop Rotation
33:54 Bow Saw
33:48 Stone Mining
33:50 Gold Mining
34:15 Forging
34:36 Fletching
35:28 Bodkin Arrow
36:09 Iron Casting
36:32 Gold Shaft Mining
36:36 Bracer
37:26 Elite Berserk
38:54 Town Patrol
39:58 Blast Furnace
38:59 Scale Mail Armor
40:28 Two-Man Saw
39:36 Padded Archer Armor
40:25 Squires
40:11 Arson
41:31 Chieftains
41:33 Bogsveigar
42:09 Elite Skirmisher
43:42 Ballistics
44:50 Chemistry
43:58 Siege Engineers
43:35 Treadmill Crane
44:33 Hoardings
45:36 Leather Archer Armor
45:42 Chain Mail Armor
46:13 Light Cavalry
48:22 Ring Archer Armor
48:27 Plate Mail Armor
48:04 Scale Barding Armor
CrawDad
11:14 Feudal Age
12:11 Double-Bit Axe
16:38 Castle Age
14:35 Horse Collar
15:07 Gold Mining
15:47 Stone Mining
17:51 Bow Saw
18:31 Heavy Plow
19:54 Loom
22:14 Wheelbarrow
22:13 Squires
21:39 Crossbowman
22:15 Town Watch
24:59 Gold Shaft Mining
29:41 Forging
29:37 Scale Mail Armor
33:48 Hand Cart
34:43 Thumb Ring
35:02 Fletching
35:12 Padded Archer Armor
40:07 Imperial Age
38:49 Bodkin Arrow
39:09 Leather Archer Armor
39:24 Ballistics
39:00 Murder Holes
40:19 Arbalester
42:46 Ring Archer Armor
44:44 Conscription
43:55 Capped Ram
45:25 Heavy Scorpion
46:23 Siege Ram
Connection lost

Rejoining the realm…

Still unreachable

The connection could not be restored.

Session expired

The server has moved on; the page needs a fresh start.